AoeStats
← CanallaVillano

Black Forest

508518661Analyzed
3v3 RM · 9d ago on Sep 22, 2026· 80m 24s· 6 players
Game mode
Random Map
Map size
Normal (6 player)
Population
200
Speed
Normal
Resources
Standard
Victory
Conquest
Starting age
Dark Age
Ending age
Imperial Age
RankedLock teamsTeams togetherTeam positionsShared explorationLock speedFull tech treeHidden civsTurbo modeCheats
Victory
Defeat
🇪🇸 Teutons · Spain
505
+13
🇮🇹 Britons · Italy
440
+16
🇵🇪 Burgundians · Peru
397
+18
🇺🇸 Chinese · United States
454
-16
🇧🇴 Sicilians · Bolivia
448
-16
🇧🇷 Koreans · Brazil
428
-15
christopherpark5588
0:42 Loom
20:33 Feudal Age
21:57 Stone Mining
21:59 Gold Mining
21:59 Double-Bit Axe
28:52 Arson
29:26 Horse Collar
34:03 Castle Age
32:15 Padded Archer Armor
32:15 Scale Mail Armor
32:07 Man-at-Arms
32:55 Scale Mail Armor
32:54 Fletching
33:38 Forging
34:51 Heavy Plow
35:22 Caravan
38:37 Stone Shaft Mining
38:37 Bow Saw
39:32 Fortified Wall
39:15 Guard Tower
39:30 Squires
39:55 Pikeman
39:56 Long Swordsman
40:39 Great Wall
41:21 Gold Shaft Mining
41:35 Ballistics
42:01 Wheelbarrow
41:36 Caravan
41:29 Town Watch
41:58 Thumb Ring
42:51 Masonry
42:36 Murder Holes
43:32 Sanctity
43:12 Devotion
43:08 Herbal Medicine
43:50 Hand Cart
43:36 Town Patrol
49:15 Imperial Age
46:12 Crossbowman
48:59 Iron Casting
48:40 Chain Mail Armor
48:20 Bodkin Arrow
48:40 Leather Archer Armor
49:17 Atonement
49:27 Fervor
50:16 Conscription
50:29 Architecture
51:34 Blast Furnace
51:24 Plate Mail Armor
50:41 Two-Handed Swordsman
51:39 Arrowslits
52:55 Chemistry
53:01 Two-Man Saw
52:09 Bracer
52:39 Ring Archer Armor
53:09 Theocracy
53:00 Illumination
52:50 Block Printing
52:34 Champion
54:45 Halberdier
55:31 Heavy Rocket Cart
58:05 Elite Chu Ko Nu
francisletsfly
14:20 Feudal Age
15:44 Double-Bit Axe
15:43 Horse Collar
16:40 Stone Mining
17:26 Gold Mining
22:30 Fletching
22:54 Forging
25:02 Castle Age
23:06 Loom
24:01 Wheelbarrow
23:14 Town Watch
24:29 Scale Mail Armor
29:55 Bow Saw
30:23 Bodkin Arrow
32:40 Hand Cart
32:23 Fishing Lines
33:54 Gold Shaft Mining
33:56 Heavy Plow
36:45 Iron Casting
36:26 Gillnets
38:18 Stone Shaft Mining
43:38 Imperial Age
42:58 Treadmill Crane
43:42 Ballistics
43:34 Fortified Wall
43:38 Masonry
43:23 Murder Holes
45:55 Shinkichon
44:57 Elite War Wagon
45:43 Eupseong
46:04 Conscription
47:08 Two-Man Saw
45:50 Pikeman
46:31 Squires
46:16 Arson
46:36 Bracer
46:52 Chain Mail Armor
46:31 Heavy Rocket Cart
50:31 Chemistry
49:16 Arrowslits
49:39 Siege Engineers
50:05 Architecture
50:48 Plate Mail Armor
49:55 Halberdier
wfcwilly
5:12 Loom
11:55 Feudal Age
12:18 Horse Collar
12:27 Double-Bit Axe
15:32 Wheelbarrow
15:45 Wheelbarrow
19:28 Stone Mining
26:42 Castle Age
25:26 Gold Mining
28:09 Heavy Plow
28:24 Bow Saw
28:56 Gold Shaft Mining
28:58 Stone Shaft Mining
30:28 Hand Cart
32:11 Heated Shot
38:12 Ballistics
37:59 Siphons
38:32 Sanctity
38:15 Devotion
38:28 Fervor
38:18 Herbal Medicine
41:45 Imperial Age
40:41 Masonry
43:05 Crop Rotation
42:49 Scale Mail Armor
42:50 Padded Archer Armor
42:56 Scale Barding Armor
43:02 Forging
42:42 Fletching
46:32 Elite Serjeant
52:53 Onager
63:35 Heavy Mounted Crossbowman
63:35 Cranequins
66:39 Chemistry
65:25 Arrowslits
Khonnor4173
0:28 Loom
14:00 Feudal Age
14:41 Horse Collar
15:03 Double-Bit Axe
17:02 Wheelbarrow
16:53 Fishing Lines
17:37 Town Watch
18:27 Gold Mining
18:30 Stone Mining
21:29 Fletching
21:40 Padded Archer Armor
26:24 Castle Age
27:18 Gillnets
27:32 Heavy Plow
27:47 Bow Saw
28:51 Gold Shaft Mining
28:46 Hand Cart
30:12 Ballistics
29:48 Murder Holes
31:43 Bodkin Arrow
32:46 Leather Archer Armor
33:27 Caravan
34:13 Squires
33:35 Pikeman
34:02 Arson
35:38 Fortified Wall
36:17 Yeomen
41:10 Imperial Age
40:24 Husbandry
42:33 Conscription
42:07 Elite Longbowman
42:53 Bracer
43:59 Chemistry
43:54 Ring Archer Armor
44:58 Coinage
44:52 Warwolf
46:43 Halberdier
53:39 Forging
53:30 Scale Mail Armor
57:42 Iron Casting
57:23 Chain Mail Armor
CanallaVillano
0:30 Loom
14:51 Feudal Age
15:16 Horse Collar
18:56 Wheelbarrow
26:27 Castle Age
29:52 Caravan
32:32 Town Watch
33:03 Hand Cart
33:02 Heavy Plow
32:52 Double-Bit Axe
33:19 Forging
33:31 Squires
37:17 Imperial Age
35:14 Fortified Wall
36:17 Gambesons
39:05 Chemistry
38:26 Ballistics
38:42 Conscription
38:22 Arson
38:40 Fletching
40:54 Crop Rotation
41:18 Town Patrol
41:24 Scale Mail Armor
41:19 Bodkin Arrow
42:01 Iron Casting
44:44 Elite Teutonic Knight
46:53 Chain Mail Armor
47:38 Blast Furnace
47:28 Masonry
47:35 Bow Saw
48:06 Plate Mail Armor
47:33 Gold Mining
49:06 Padded Archer Armor
49:50 Hoardings
51:35 Leather Archer Armor
Shader
0:54 Loom
19:11 Feudal Age
17:35 Double-Bit Axe
17:43 Horse Collar
18:19 Gold Mining
19:19 Wheelbarrow
18:56 Stone Mining
20:15 Town Watch
20:56 Bow Saw
21:10 Heavy Plow
23:40 Arson
29:38 Scale Barding Armor
29:25 Fletching
29:36 Padded Archer Armor
34:09 Castle Age
34:52 Castle Age
37:11 Fortified Wall
36:46 Treadmill Crane
37:03 Murder Holes
38:34 Ballistics
41:45 Imperial Age
40:37 Burgundian Vineyards
41:37 Two-Man Saw
41:35 Crop Rotation
41:16 Cavalier
41:58 Husbandry
42:38 Chain Barding Armor
42:35 Leather Archer Armor
42:16 Bodkin Arrow
41:44 Pikeman
42:27 Squires
41:49 Elite Skirmisher
44:20 Chemistry
45:40 Paladin
46:59 Plate Barding Armor
47:50 Crossbowman
48:34 Bracer
48:44 Forging
49:29 Hand Cart
49:33 Town Patrol
49:46 Guilds
50:53 Iron Casting
50:22 Scale Mail Armor
52:47 Blast Furnace
51:30 Halberdier
52:42 Chain Mail Armor
53:40 Masonry
53:53 Conscription
55:28 Architecture
55:33 Plate Mail Armor
58:20 Hoardings
Connection lost

Rejoining the realm…

Still unreachable

The connection could not be restored.

Session expired

The server has moved on; the page needs a fresh start.